AoeStats
← Tom

Black Forest

507993073Analyzed
2v2 RM · 13d ago on Sep 20, 2026· 35m 43s· 4 players
Game mode
Random Map
Map size
Medium (4 player)
Population
200
Speed
Normal
Resources
Standard
Victory
Conquest
Starting age
Dark Age
Ending age
Imperial Age
RankedLock teamsTeams togetherTeam positionsShared explorationLock speedFull tech treeHidden civsTurbo modeCheats
Victory
Defeat
🇷🇺 Poles · Russia
993
+10
🇷🇺 Spanish · Russia
585
+26
🇲🇰 Burgundians · North Macedonia
851
-18
🇲🇰 Inca · North Macedonia
822
-18
Sumka_Volosni
1:13 Loom
13:16 Feudal Age
13:51 Double-Bit Axe
13:49 Horse Collar
18:59 Castle Age
16:57 Stone Mining
19:09 Gold Mining
22:03 Arson
22:19 Squires
24:03 Wheelbarrow
25:09 Szlachta Privileges
25:27 Bloodlines
28:29 Husbandry
29:38 Forging
30:06 Bow Saw
29:58 Heavy Plow
32:11 Iron Casting
31:41 Scale Barding Armor
32:44 Caravan
35:26 Chain Barding Armor
Tom
1:21 Loom
12:05 Feudal Age
13:10 Double-Bit Axe
13:07 Horse Collar
17:55 Stone Mining
21:33 Castle Age
20:59 Gold Mining
23:24 Bow Saw
23:17 Heavy Plow
23:55 Stone Shaft Mining
25:26 Fortified Wall
29:49 Caravan
33:29 Coinage
37:38 Imperial Age
35:43 Wheelbarrow
34:54 Town Watch
35:23 Forging
35:14 Scale Mail Armor
35:55 Town Patrol
36:01 Husbandry
36:12 Bloodlines
35:51 Arson
CHE GUEVARA
0:27 Loom
17:25 Feudal Age
18:01 Town Watch
19:13 Wheelbarrow
18:27 Double-Bit Axe
18:23 Horse Collar
20:35 Gold Mining
25:05 Castle Age
24:51 Stone Mining
28:07 Hand Cart
30:17 Pikeman
33:16 Heavy Plow
Optimus_Prime
0:29 Loom
15:05 Feudal Age
17:49 Double-Bit Axe
20:27 Bow Saw
23:41 Castle Age
22:13 Horse Collar
22:54 Heavy Plow
26:36 Wheelbarrow
27:33 Hand Cart
27:40 Gold Mining
27:43 Stone Mining
29:42 Crop Rotation
31:59 Scale Mail Armor
32:09 Forging
32:44 Burgundian Vineyards
32:03 Pikeman
32:43 Squires
33:02 Chain Mail Armor
Connection lost

Rejoining the realm…

Still unreachable

The connection could not be restored.

Session expired

The server has moved on; the page needs a fresh start.